 Dungeon Crawl Stone Soup version 0.26-a0-690-gcb57259078 (webtiles) character file.

Game seed: 2770614858850144856

10057 mattiecakes the Grappler (level 11, -7/160 HPs)
             Began as a Troll Berserker on Oct 23, 2020.
             Was a High Priest of Trog.
             Killed by divine providence
             ... invoked by an orc priest
              (14 damage)
             ... on level 10 of the Dungeon on Oct 25, 2020.
             The game lasted 00:16:51 (8102 turns).

mattiecakes the Grappler (Troll Berserker)          Turns: 8102, Time: 00:16:52

Health: -7/160     AC:  8    Str: 30      XL:     11   Next: 31%
Magic:  10/10      EV: 13    Int:  3      God:    Trog [*****.]
Gold:   466        SH:  0    Dex: 14 (15) Spells: 10/10 levels left

rFire    . . .     SeeInvis .   g - +6 giant spiked club (flame)
rCold    . . .     Faith    .   (shield currently unavailable)
rNeg     + . .     Spirit   .   u - +2 robe {rN+}
rPois    .         Reflect  .   (helmet restricted)
rElec    .         Harm     .   (no cloak)
rCorr    .         Rampage  .   (gloves unavailable)
MR       ++...                  (boots unavailable)
Stlth    ..........             (no amulet)
HPRegen  1.76/turn              k - +6 ring of dexterity
MPRegen  0.12/turn              v - ring of stealth

@: berserking, regenerating, studying Armour, very quick
A: large, unfitting armour, claws 3, regeneration 1, shaggy fur 1, tough skin 3
a: Berserk, Trog's Hand, Brothers in Arms, Renounce Religion


You were on level 10 of the Dungeon.
You worshipped Trog.
Trog was extremely pleased with you.
You visited 1 branch of the dungeon, and saw 10 of its levels.
You also visited: Ossuary.

You collected 510 gold pieces.
You spent 44 gold pieces at shops.

Inventory:

Hand Weapons
 g - a +6 giant spiked club of flaming (weapon)
 t - a +1 whip of electrocution
Armour
 u - a +2 robe of positive energy (worn)
Jewellery
 k - a +6 ring of dexterity (left claw)
 v - a ring of stealth (right claw)
Wands
 s - a wand of flame (20)
 x - a wand of acid (12)
 y - a wand of random effects (11)
Scrolls
 a - a scroll of magic mapping
 d - a scroll of fog
 e - a scroll of identify
 f - 5 scrolls of teleportation
 i - 8 scrolls of remove curse
 l - 2 scrolls of holy word
 q - a scroll of blinking
 w - 2 scrolls of enchant weapon
Potions
 b - 2 potions of mutation
 c - 3 potions of curing
 h - 3 potions of lignification
 j - 4 potions of flight
 m - 2 potions of might
 o - a potion of stabbing
 r - a potion of resistance
 z - a potion of haste
 A - a potion of berserk rage
 B - a potion of ambrosia {unknown}
Books
 n - a manual of Armour


   Skills:
 + Level 6.4 Fighting
 + Level 5.9 Maces & Flails
 + Level 8.4 Armour
 + Level 6.3 Dodging
 + Level 11.6 Unarmed Combat


You had 10 spell levels left.
You didn't know any spells.
Your spell library was empty.

Dungeon Overview and Level Annotations

Branches:
Dungeon (10/15)            Temple (0/1) D:6            Lair (0/6) D:10
Ossuary (visited)
    Orc: D:9-12

Altars:
Ashenzari
Dithmenos
Elyvilon
Fedhas
Hepliaklqana
Kikubaaqudgha
Makhleb
Okawaru
Qazlal
Sif Muna
Vehumet
Yredelemnul

Shops:
D:4 !   D:9 :


Innate Abilities, Weirdness & Mutations

You are too large for most types of armour.
You have claws for hands.
Your natural rate of healing is unusually fast.
You are covered in fur. (AC +1)
You have extremely tough skin. (AC +3)


Message History

Trog accepts your kill.
You feel sick. The komodo dragon barely misses you.
The orc priest begins to cast a cantrip, but forgets the words!
The komodo dragon bites you!
You closely miss the orc priest.
You feel sick.
The orc priest hits you but does no damage.
The komodo dragon bites you!!
* * * LOW HITPOINT WARNING * * *
The orc closely misses you.
Unknown command.
Unknown command.
You feel sick. The orc priest barely misses you.
You feel better. The komodo dragon barely misses you.
The orc priest barely misses you.
A red film seems to cover your vision as you go berserk!
You feel yourself moving faster!
You feel mighty! The komodo dragon bites you!!
* * * LOW HITPOINT WARNING * * *
The orc priest calls down the wrath of Beogh upon you.
Beogh smites you!
You die...

#.# #.# ## ####†# #... #.
.....# .... #####. #.#.##
..... #.##..
.###.######### .....
#....# ##...........#
...... #.##..
.#.#.#######.######......
#####. #...##
#.#..@#†...... #. ##.##
#..###l[...... #. #.#
#.## ##o.(...> #####. #.#
#..# ##..... #..... #.#
#..# .... ###### #.# ...#
... #.# .#... ## ...
.###.. #.# ## <#


You could see a komodo dragon and an orc priest.

Vanquished Creatures
  Erica (D:10)
  2 two-headed ogres
  Nergalle (D:10)
  Pikel (D:6)
  A kobold demonologist (D:6)
  Sigmund (D:5)
  The ghost of tinescath the Magician, an amateur DEFE of Vehumet (D:5)
  3 yaks (D:10)
  Grum (D:10)
  A water moccasin (D:10)
  Duvessa (D:7)
  4 orc warriors
  A sky beast (D:7)
  5 ice beasts
  A phantom (D:9)
  3 black bears
  A necrophage (D:7)
  3 ogres
  2 wolves (D:10)
  4 lemures (D:6)
  5 centaurs
  2 big kobolds
  7 bullfrogs
  A gnoll sergeant (D:6)
  A wyvern skeleton (D:6)
  Dowan (D:7)
  4 scorpions
  16 killer bees
  4 howler monkeys
  2 quasits (D:9)
  12 hounds
  8 orc priests
  2 jellies
  A bullfrog skeleton (D:8)
  A gnoll shaman (D:5)
  3 centaur skeletons
  A human zombie (Ossuary)
  An iguana (D:6)
  11 orc wizards
  5 worker ants
  A big kobold zombie (Ossuary)
  3 hound zombies
  A hound skeleton (D:7)
  4 mummies (Ossuary)
  A howler monkey zombie (D:8)
  7 gnolls
  9 adders
  A shadow imp (D:5)
  2 white imps
  3 ufetubi
  2 oozes (D:1)
  An adder skeleton (D:4)
  4 adder zombies
  5 worms
  5 leopard geckos
  45 orcs
  A giant cockroach (D:6)
  2 gnoll zombies (Ossuary)
  6 goblins
  7 hobgoblins
  14 jackals
  9 kobolds
  7 quokkas
  2 ball pythons
  8 bats
  2 frilled lizards
  3 hobgoblin zombies (Ossuary)
  A jackal zombie (Ossuary)
  A leopard gecko skeleton (D:6)
  2 quokka zombies
  9 rats
  A rat zombie (D:5)
295 creatures vanquished.

Vanquished Creatures (others)
  41 plants (D:10)
  2 withered plants (D:5)
43 creatures vanquished.

Grand Total: 338 creatures vanquished

Notes
Turn   | Place    | Note
-------+----------+-------------------------------------------
     0 | D:1      | mattiecakes the Troll Berserker began the quest for the
                  | Orb.
     0 | D:1      | Reached XP level 1. HP: 22/22 MP: 0/0
   105 | D:1      | Reached XP level 2. HP: 27/29 MP: 1/1
   408 | D:1      | Reached skill level 4 in Unarmed Combat
   504 | D:1      | Reached XP level 3. HP: 35/36 MP: 2/2
   692 | D:2      | Found a shadowy altar of Dithmenos.
   727 | D:2      | Reached ** piety under Trog
   908 | D:2      | Found a faded altar of an unknown god.
  1292 | D:3      | Reached XP level 4. HP: 44/44 MP: 3/3
  1298 | D:3      | Reached skill level 5 in Unarmed Combat
  1486 | D:3      | Reached XP level 5. HP: 29/50 MP: 4/4
  1512 | D:3      | Reached *** piety under Trog
  1517 | D:3      | Reached skill level 6 in Unarmed Combat
  1911 | D:3      | Found a stormy altar of Qazlal.
  1997 | D:4      | Found Owkim's Distillery.
  2008 | D:4      | Bought a potion of might for 44 gold pieces
  2041 | D:4      | Reached XP level 6. HP: 59/59 MP: 5/5
  2133 | D:4      | Reached skill level 7 in Unarmed Combat
  2277 | D:4      | Reached skill level 8 in Unarmed Combat
  2296 | D:4      | Reached XP level 7. HP: 38/66 MP: 6/6
  2516 | D:5      | Entered Level 5 of the Dungeon
  2520 | D:5      | Reached **** piety under Trog
  2529 | D:5      | Noticed Sigmund
  2541 | D:5      | Killed Sigmund
  2558 | D:5      | Found a sand-covered staircase.
  2569 | Ossuary  | Entered an ossuary
  2595 | Ossuary  | Reached skill level 9 in Unarmed Combat
  2940 | D:5      | Found a runed translucent door.
  2940 | D:5      | Noticed tinescath's ghost (amateur DEFE)
  2948 | D:5      | Reached XP level 8. HP: 72/74 MP: 7/7
  2956 | D:5      | Reached skill level 10 in Unarmed Combat
  3023 | D:5      | Reached ***** piety under Trog
  3316 | D:5      | Found an iron altar of Okawaru.
  3317 | D:5      | Found a basalt altar of Yredelemnul.
  3502 | D:6      | Reached skill level 1 in Armour
  3731 | D:5      | Killed tinescath's ghost
  3849 | D:6      | Reached skill level 1 in Maces & Flails
  3882 | D:6      | Reached XP level 9. HP: 75/83 MP: 8/8
  4025 | D:6      | Noticed a kobold demonologist
  4032 | D:6      | Killed a kobold demonologist
  4213 | D:6      | Found a staircase to the Ecumenical Temple.
  4225 | D:6      | Found a hazy altar of Hepliaklqana.
  4233 | D:6      | Noticed Pikel
  4240 | D:6      | Killed Pikel
  4240 | D:6      | Reached skill level 5 in Armour
  4661 | D:7      | Noticed Duvessa
  4691 | D:6      | HP: 4/87 [killer bee (1)]
  4875 | D:7      | Found a burning altar of Makhleb.
  4911 | D:7      | Noticed Dowan
  4922 | D:7      | Killed Dowan
  4922 | D:7      | Reached skill level 5 in Fighting
  4922 | D:7      | Reached XP level 10. HP: 87/96 MP: 9/9
  4942 | D:7      | Killed Duvessa
  5021 | D:7      | Reached skill level 5 in Dodging
  5524 | D:7      | Found a shimmering blue altar of Sif Muna.
  5525 | D:7      | Found an ancient bone altar of Kikubaaqudgha.
  5525 | D:7      | Found a radiant altar of Vehumet.
  5870 | D:8      | Noticed a two-headed ogre
  5880 | D:8      | Killed a two-headed ogre
  5880 | D:8      | Reached skill level 11 in Unarmed Combat
  6405 | D:8      | Found a blossoming altar of Fedhas.
  6576 | D:9      | Found an iron altar of Okawaru.
  6657 | D:9      | Reached ****** piety under Trog
  6751 | D:9      | Reached skill level 5 in Maces & Flails
  6791 | D:9      | Noticed a two-headed ogre
  6799 | D:9      | Killed a two-headed ogre
  6985 | D:9      | Identified the cursed +0 leather armour of Putuc {Rampage
                  | rCorr}
  7150 | D:9      | Found a broken altar of Ashenzari.
  7150 | D:9      | Found a white marble altar of Elyvilon.
  7260 | D:9      | Found Onwasoul's Book Emporium.
  7308 | D:10     | Entered Level 10 of the Dungeon
  7539 | D:10     | Noticed Nergalle
  7546 | D:10     | Noticed Erica
  7560 | D:10     | Killed Nergalle
  7560 | D:10     | Received a gift from Trog
  7560 | D:10     | Reached XP level 11. HP: 74/105 MP: 10/10
  7575 | D:10     | Killed Erica
  7576 | D:10     | Noticed Grum
  7714 | D:10     | Killed Grum
  8088 | D:10     | Found a staircase to the Lair.
  8102 | D:10     | HP: 7/160 [komodo dragon (29)]
  8102 | D:10     | Killed from afar by an orc priest

Illustrated notes

Levels and vault maps discovered:
D:1:      nzn_arrival_crosshair, layout_loops_ring
D:2:      layout_rooms, grunt_dithmenos_smoke, chequers_ecumenical_altar_island,
          hex_large, hangedman_decor_lopped
D:3:      layout_basic, nicolae_qazlal_eye_of_the_storm
D:4:      layout_rooms, serial_shops, nicolae_shop_waterfront
D:5:      layout_cave_pools, gammafunk_temple_overflow_pools, enter_ossuary_4,
          gammafunk_ghost_grave, minmay_manual_monolith, uniq_sigmund
D:6:      hangedman_cross_stitches, layout_basic, kennysheep_mini,
          minmay_temple_entry_offerings, uniq_pikel
D:7:      layout_loops_ring, grunt_temple_overflow_magic_moments,
          makhleb_blood_cavern_becter, uniq_duvessa, uniq_prince_ribbit1
D:8:      layout_loops_cross, fedhas_altar_4, kennysheep_another_room
D:9:      layout_roguey, gammafunk_temple_overflow_wave, serial_shops,
          nicolae_shop_window_shopping, basic_altar, serial_bayou_pond_e,
          dk_noncrumbling_2
D:10:     layout_loops_ring, david_lair_shrubbed, uniq_nergalle, uniq_erica,
          uniq_grum

Skill      XL: |  1  2  3  4  5  6  7  8  9 10 11 |
---------------+----------------------------------+-----
Unarmed Combat | 4 5 6 8 9 10 11 | 11.6
Armour         | 3 6 7 8 |  8.4
Fighting       | 3 5 6 |  6.4
Dodging        | 3 4 6 |  6.3
Maces & Flails | 1 3 5 |  5.9

Action                   |  1- 3 |  4- 6 |  7- 9 | 10-12 || total
-------------------------+-------+-------+-------+-------++-------
Melee: Unarmed           |   101 |   139 |   352 |   227 ||   819
       Punch             |     1 |     3 |    18 |    11 ||    33
       Giant spiked club |       |       |       |    35 ||    35
Invok: Berserk           |       |       |     1 |     1 ||     2
       Trog's Hand       |       |       |       |     1 ||     1
  Use: Scroll            |       |       |    21 |     8 ||    29
       Potion            |       |       |     3 |     2 ||     5
 Stab: Sleeping          |     1 |       |     1 |       ||     2
Armor: Animal skin       |    34 |    70 |    87 |       ||   191
       Robe              |       |       |    32 |   112 ||   144
Dodge: Dodged            |    58 |    96 |   186 |   211 ||   551

Table legend: (Time is in decaauts)
 A = Elapsed time spent in this place.
 B = Non-inter-level travel time spent in this place.
 C = Inter-level travel time spent in this place.
 D = Time resting spent in this place.
 E = Time spent auto-exploring this place.
 F = Levels seen in this place.
 G = Mean time per level.
                   A        B        C        D        E       F      G
               +--------+--------+--------+--------+--------+-----+--------+
         Total |   8001 |   7770 |    231 |   1123 |   4903 |  11 |  727.4 |
       Dungeon |   7758 |   7527 |    231 |   1049 |   4812 |  10 |  775.8 |
       Ossuary |    243 |    243 |      0 |     74 |     91 |   1 |  243.0 |
               +--------+--------+--------+--------+--------+-----+--------+

Top non-repeatable levels by time:
     D:6: 965 daAuts
     D:8: 947 daAuts
     D:5: 931 daAuts
     D:7: 918 daAuts
     D:3: 854 daAuts
     D:9: 783 daAuts
    D:10: 716 daAuts
     D:1: 675 daAuts
     D:2: 491 daAuts
     D:4: 475 daAuts
 Ossuary: 243 daAuts
